MLB
HOUSTON ASTROS @ LAS VEGAS HUSTLE
09/28/2098
 
TOP OF THE 1ST
Houston Astros batting - Pitching for Las Vegas Hustle : RHP Nick Hof
Pitching: RHP Nick Hof
Batting: RHB Erik Ellsworth 0-0: Ball
1-0: SINGLE (Line Drive, 7S, EV 96.9 MPH)
Batting: LHB Zack Baize 0-0: Called Strike
0-1: Ball
1-1: Ball
2-1: Foul Ball, location: 7LMF
2-2: Fielders Choice at 2nd, 4-6 (Groundball, 34D, EV 98.8 MPH)
Batting: LHB Alex Perez 0-0: 2-RUN HOME RUN (Flyball, 7LD, EV 96.3 MPH), Distance : 372 ft
Batting: LHB Roy Lazzaro 0-0: Swinging Strike
0-1: DOUBLE (Flyball, 78D, EV 101.9 MPH)
Batting: RHB Kyle Stewart 0-0: Ball
1-0: Fly out, F7 (Flyball, 78XD, EV 110.0 MPH)
Runner from 2nd tags up, SAFE at 3rd, no throw by LF
Batting: RHB Frank Kelsay 0-0: Called Strike
0-1: Called Strike
0-2: Strikes out swinging
Top of the 1st over - 2 runs, 3 hits, 0 errors, 1 left on base; Houston 2 - Las Vegas 0
BOTTOM OF THE 1ST
Las Vegas Hustle batting - Pitching for Houston Astros : RHP Manny Rice
Pitching: RHP Manny Rice
Batting: LHB Steve Lawler 0-0: Ball
1-0: Ground out 4-3 (Groundball, 4S, EV 73.1 MPH)
Batting: RHB Rick Roberds 0-0: Foul Ball, location: 2F
0-1: Foul Ball, location: 2F
0-2: Ball
1-2: SOLO HOME RUN (Flyball, 89XD, EV 104.4 MPH), Distance : 407 ft
Batting: RHB Tony Ledezma 0-0: Ball
1-0: Swinging Strike
1-1: Foul Ball, location: 2F
1-2: SINGLE (Flyball, 7LS, EV 95.0 MPH)
Batting: RHB John Conway 0-0: Swinging Strike
0-1: Called Strike
0-2: Ball
1-2: Ball
2-2: Foul Ball, location: 2F
2-2: DOUBLE (Line Drive, 78D, EV 110.6 MPH)
Tony Ledezma to third
Runner from 3rd tries for Home, SAFE, throw by CF to home
Batting: LHB Yazid Deacon 0-0: Foul Ball, location: 23FF
0-1: Fly out, F7 (Flyball, 7D, EV 81.9 MPH)
Batting: SHB Josh Osborne 0-0: Fly out, F6 (Popup, 6M, EV 56.3 MPH)
Bottom of the 1st over - 2 runs, 3 hits, 0 errors, 1 left on base; Houston 2 - Las Vegas 2
TOP OF THE 2ND
Houston Astros batting - Pitching for Las Vegas Hustle : RHP Nick Hof
Batting: RHB Matt Carocci 0-0: Foul Ball, location: 5FF
0-1: Swinging Strike
0-2: Ball
1-2: Ball
2-2: Foul Ball, location: 2F
2-2: Fly out, F9 (Flyball, 9D, EV 108.1 MPH)
Batting: LHB Aaron Bruckerhoff 0-0: Ball
1-0: Ball
2-0: Ball
3-0: Called Strike
3-1: Base on Balls
Batting: RHB Manchu Hu 0-0: Ball
1-0: Ball
2-0: Called Strike
2-1: Ball
3-1: Grounds into double play, 6-4-3 (Groundball, 6, EV 85.6 MPH)
Top of the 2nd over - 0 runs, 0 hits, 0 errors, 0 left on base; Houston 2 - Las Vegas 2
BOTTOM OF THE 2ND
Las Vegas Hustle batting - Pitching for Houston Astros : RHP Manny Rice
Batting: SHB Jose Espinoza 0-0: Called Strike
0-1: Foul Ball, location: 7LDF
0-2: Strikes out swinging
Batting: SHB Alberto Aguilar 0-0: Called Strike
0-1: Foul Ball, location: 7LMF
0-2: Strikes out swinging
Batting: RHB Leonardo Sosa 0-0: Fly out, F8 (Line Drive, 8LD, EV 108.1 MPH)
Bottom of the 2nd over - 0 runs, 0 hits, 0 errors, 0 left on base; Houston 2 - Las Vegas 2
TOP OF THE 3RD
Houston Astros batting - Pitching for Las Vegas Hustle : RHP Nick Hof
Batting: RHB Erik Ellsworth 0-0: Called Strike
0-1: Ball
1-1: DOUBLE (Flyball, 7LM, EV 105.6 MPH)
Batting: LHB Zack Baize 0-0: Swinging Strike
0-1: Ball
1-1: Ground out 1-3 (Groundball, 13S, EV 77.5 MPH)
Batting: LHB Alex Perez 0-0: Called Strike
0-1: Foul Ball, location: 2RF
0-2: Ball
1-2: Strikes out swinging
Batting: LHB Roy Lazzaro 0-0: Foul Ball, location: 25F
0-1: Ball
1-1: Foul Ball, location: 3DF
1-2: Ball
2-2: Fly out, F9 (Flyball, 89S, EV 77.5 MPH)
Top of the 3rd over - 0 runs, 1 hit, 0 errors, 1 left on base; Houston 2 - Las Vegas 2
BOTTOM OF THE 3RD
Las Vegas Hustle batting - Pitching for Houston Astros : RHP Manny Rice
Batting: LHB Steve Lawler 0-0: Swinging Strike
0-1: Foul Ball, location: 23FF
0-2: Strikes out looking
Batting: RHB Rick Roberds 0-0: Called Strike
0-1: Ground out 4-3 (Groundball, 4, EV 88.8 MPH)
Batting: RHB Tony Ledezma 0-0: Called Strike
0-1: Called Strike
0-2: Ball
1-2: Fly out, F9 (Flyball, 89M, EV 88.1 MPH)
Bottom of the 3rd over - 0 runs, 0 hits, 0 errors, 0 left on base; Houston 2 - Las Vegas 2
TOP OF THE 4TH
Houston Astros batting - Pitching for Las Vegas Hustle : RHP Nick Hof
Batting: RHB Kyle Stewart 0-0: Foul Ball, location: 2F
0-1: Ball
1-1: Fly out, F7 (Flyball, 78D, EV 83.8 MPH)
Batting: RHB Frank Kelsay 0-0: SINGLE (Line Drive, 78S, EV 93.8 MPH)
Batting: RHB Matt Carocci 0-0: Ball
1-0: Fly out, F9 (Flyball, 89S, EV 86.9 MPH)
Batting: LHB Aaron Bruckerhoff 0-0: Swinging Strike
0-1: Ball
1-1: Ground out 4-3 (Groundball, 4S, EV 87.5 MPH)
Top of the 4th over - 0 runs, 1 hit, 0 errors, 1 left on base; Houston 2 - Las Vegas 2
BOTTOM OF THE 4TH
Las Vegas Hustle batting - Pitching for Houston Astros : RHP Manny Rice
Batting: RHB John Conway 0-0: Called Strike
0-1: Swinging Strike
0-2: Ball
1-2: Ball
2-2: Ball
3-2: Base on Balls
Batting: LHB Yazid Deacon 0-0: SINGLE (Groundball, 4MD, EV 101.9 MPH)
John Conway to second
Batting: SHB Josh Osborne 0-0: 3-RUN HOME RUN (Flyball, 89XD, EV 99.4 MPH), Distance : 397 ft
Batting: SHB Jose Espinoza 0-0: Called Strike
0-1: Ball
1-1: Called Strike
1-2: SINGLE (Line Drive, 7S, EV 103.8 MPH)
Batting: SHB Alberto Aguilar 0-0: Called Strike
0-1: Called Strike
0-2: Ball
1-2: Foul Ball, location: 2RF
1-2: SINGLE (Groundball, 6S, EV 63.1 MPH) (infield hit)
Jose Espinoza to second
Batting: RHB Leonardo Sosa 0-0: Bunted foul
0-1: Ball
1-1: Sac Bunt to 3S - play at first, batter OUT! 3-4
Jose Espinoza to third
Alberto Aguilar to second
Batting: LHB Steve Lawler 0-0: Ball
1-0: Called Strike
1-1: Called Strike
1-2: Fielders Choice attempt at home, Runner SAFE. 6-2 (Groundball, 6S, EV 83.1 MPH)
Alberto Aguilar to third
Batting: RHB Rick Roberds 0-0: Called Strike
0-1: Called Strike
0-2: 3-RUN HOME RUN (Flyball, 7D, EV 98.8 MPH), Distance : 383 ft
Pitching: RHP Larry Heinrich
Batting: RHB Tony Ledezma 0-0: Ball
1-0: Called Strike
1-1: Ball
2-1: Called Strike
2-2: SINGLE (Flyball, 34D, EV 99.4 MPH)
Batting: RHB John Conway 0-0: Called Strike
0-1: Ball
1-1: Called Strike
1-2: Strikes out swinging
Batting: LHB Yazid Deacon 0-0: Ball
1-0: Foul Ball, location: 23F
1-1: Ball
2-1: Foul Ball, location: 2F
2-2: Strikes out looking
Bottom of the 4th over - 7 runs, 6 hits, 0 errors, 1 left on base; Houston 2 - Las Vegas 9
TOP OF THE 5TH
Houston Astros batting - Pitching for Las Vegas Hustle : RHP Nick Hof
Batting: RHB Manchu Hu 0-0: SINGLE (Line Drive, 89S, EV 104.4 MPH)
Batting: RHB Erik Ellsworth 0-0: Ball
1-0: Foul Ball, location: 3FF
1-1: Called Strike
1-2: SINGLE (Line Drive, 7S, EV 110.0 MPH)
Manchu Hu to second
Batting: LHB Zack Baize 0-0: Ball
1-0: Foul Ball, location: 7LSF
1-1: Foul Ball, location: 9LMFF
1-2: Grounds into double play, 3-6-3 (Groundball, 3, EV 97.5 MPH)
Manchu Hu to third
Batting: LHB Alex Perez 0-0: Called Strike
0-1: Called Strike
0-2: Ball
1-2: Strikes out looking
Top of the 5th over - 0 runs, 2 hits, 0 errors, 1 left on base; Houston 2 - Las Vegas 9
BOTTOM OF THE 5TH
Las Vegas Hustle batting - Pitching for Houston Astros : RHP Larry Heinrich
Batting: SHB Josh Osborne 0-0: SINGLE (Line Drive, 4D, EV 102.5 MPH)
Batting: SHB Jose Espinoza 0-0: Ball
1-0: Ball
2-0: Foul Ball, location: 3SF
2-1: Ball
3-1: Fly out, F8 (Flyball, 8LD, EV 108.1 MPH)
Batting: SHB Alberto Aguilar 0-0: Fly out, F7 (Line Drive, 7S, EV 97.5 MPH)
Batting: RHB Leonardo Sosa 0-0: Ball
1-0: Ball
2-0: Ball
3-0: Called Strike
3-1: Fielders Choice at 2nd, U4 (Groundball, 4M, EV 96.3 MPH)
Bottom of the 5th over - 0 runs, 1 hit, 0 errors, 1 left on base; Houston 2 - Las Vegas 9
TOP OF THE 6TH
Houston Astros batting - Pitching for Las Vegas Hustle : RHP Nick Hof
Batting: LHB Roy Lazzaro 0-0: Ball
1-0: Foul Ball, location: 2LF
1-1: Foul Ball, location: 25FF
1-2: Ball
2-2: Strikes out swinging
Batting: RHB Kyle Stewart 0-0: Ball
1-0: Ball
2-0: Ball
3-0: SINGLE (Line Drive, 7S, EV 93.8 MPH)
Batting: RHB Frank Kelsay 0-0: Called Strike
0-1: Ball
1-1: Called Strike
1-2: SINGLE (Line Drive, 6MD, EV 109.4 MPH)
Kyle Stewart to second
Batting: RHB Matt Carocci 0-0: Ball
1-0: Foul Ball, location: 5FF
1-1: Ball
2-1: Ball
3-1: Foul Ball, location: 5F
3-2: Foul Ball, location: 2F
3-2: Strikes out looking
Pitching: RHP Javy Jacome
Batting: LHB Aaron Bruckerhoff 0-0: Called Strike
0-1: Ball
1-1: SINGLE (Line Drive, 34D, EV 110.0 MPH)
Kyle Stewart to third
Frank Kelsay to second
Runner from 3rd tries for Home, SAFE, throw by RF to home
Batting: RHB Manchu Hu 0-0: Ball
1-0: Foul Ball, location: 5FF
1-1: Ball
2-1: Ball
3-1: Base on Balls
Frank Kelsay to third
Aaron Bruckerhoff to second
Batting: RHB Erik Ellsworth 0-0: Foul Ball, location: 2F
0-1: Swinging Strike
0-2: Foul Ball, location: 2F
0-2: Ball
1-2: Fielders Choice at 3rd, U5 (Groundball, 5, EV 110.6 MPH)
Top of the 6th over - 1 run, 3 hits, 0 errors, 2 left on base; Houston 3 - Las Vegas 9
BOTTOM OF THE 6TH
Las Vegas Hustle batting - Pitching for Houston Astros : RHP Larry Heinrich
Batting: LHB Steve Lawler 0-0: Called Strike
0-1: Reached on error, E6 (Groundball, 6M, EV 90.0 MPH)
Batting: RHB Rick Roberds 0-0: Called Strike
0-1: Fly out, F9 (Line Drive, 9S, EV 91.9 MPH)
Batting: RHB Tony Ledezma 0-0: Ball
1-0: Foul Ball, location: 3F
1-1: Ball
2-1: Ball
3-1: Called Strike
3-2: Fly out, F7 (Line Drive, 7, EV 92.5 MPH)
Batting: RHB John Conway 0-0: Called Strike
0-1: Ground out 1-3 (Groundball, P, EV 66.3 MPH)
Bottom of the 6th over - 0 runs, 0 hits, 1 error, 1 left on base; Houston 3 - Las Vegas 9
TOP OF THE 7TH
Houston Astros batting - Pitching for Las Vegas Hustle : RHP Javy Jacome
Batting: LHB Zack Baize 0-0: Ball
1-0: Swinging Strike
1-1: Foul Ball, location: 23F
1-2: SINGLE (Groundball, 25, EV 67.5 MPH) (infield hit)
Batting: LHB Alex Perez 0-0: Ball
1-0: Ball
2-0: Called Strike
2-1: Fly out, F9 (Flyball, 9, EV 93.1 MPH)
Pitching: LHP Brad Nelson
Batting: LHB Roy Lazzaro 0-0: Fly out, F6 (Popup, 6MD, EV 66.9 MPH)
Batting: RHB Kyle Stewart 0-0: Ball
1-0: Ball
2-0: Fly out, F9 (Flyball, 9S, EV 94.4 MPH)
Top of the 7th over - 0 runs, 1 hit, 0 errors, 1 left on base; Houston 3 - Las Vegas 9
BOTTOM OF THE 7TH
Las Vegas Hustle batting - Pitching for Houston Astros : RHP Larry Heinrich
Batting: LHB Yazid Deacon 0-0: SINGLE (Line Drive, 4MD, EV 99.4 MPH)
Pitching: RHP Larry DeWolfe
Batting: SHB Josh Osborne 0-0: Ball
1-0: Ball
2-0: SINGLE (Groundball, 4MD, EV 105.0 MPH)
Yazid Deacon to second
Runner from 2nd tries for 3rd, SAFE, no throw by CF
Batting: SHB Jose Espinoza 0-0: Called Strike
0-1: Foul Ball, location: 2RF
0-2: Foul Ball, location: 2RF
0-2: Foul Ball, location: 2F
0-2: SINGLE (Groundball, 34, EV 102.5 MPH)
Yazid Deacon scores
Josh Osborne to second
Runner from 2nd tries for 3rd, SAFE, throw by RF made to third
Batting: SHB Alberto Aguilar 0-0: Foul Ball, location: 2F
0-1: Called Strike
0-2: Ball
1-2: Ball
2-2: Foul Ball, location: 3F
2-2: DOUBLE (Flyball, 89D, EV 103.1 MPH)
Josh Osborne scores
Jose Espinoza to third
Batting: RHB Leonardo Sosa 0-0: Ball
1-0: Ground out 1-3 (Groundball, 13S, EV 70.0 MPH)
Batting: LHB Steve Lawler 0-0: Ground out 3-1 (Groundball, 34, EV 85.0 MPH)
Jose Espinoza scores
Alberto Aguilar to third
Batting: RHB Rick Roberds 0-0: Ball
1-0: Called Strike
1-1: Ball
2-1: Foul Ball, location: 5DF
2-2: Foul Ball, location: 5F
2-2: Ball
3-2: Ground out 5-3 (Groundball, 5, EV 91.3 MPH)
Bottom of the 7th over - 3 runs, 4 hits, 0 errors, 1 left on base; Houston 3 - Las Vegas 12
TOP OF THE 8TH
Houston Astros batting - Pitching for Las Vegas Hustle : LHP Brad Nelson
Pitching: RHP Bill Grow
Batting: RHB Frank Kelsay 0-0: Swinging Strike
0-1: Ball
1-1: Called Strike
1-2: Foul Ball, location: 7LMF
1-2: Ball
2-2: Foul Ball, location: 25FF
2-2: Ball
3-2: Strikes out swinging
Batting: RHB Matt Carocci 0-0: Ball
1-0: Called Strike
1-1: Ball
2-1: Foul Ball, location: 9LMF
2-2: Foul Ball, location: 2F
2-2: Ball
3-2: Strikes out swinging
Batting: LHB Aaron Bruckerhoff 0-0: Foul Ball, location: 2F
0-1: Ball
1-1: SINGLE (Groundball, 4S, EV 65.6 MPH) (infield hit)
Batting: RHB Manchu Hu 0-0: Called Strike
0-1: SINGLE (Flyball, 9LS, EV 97.5 MPH)
Aaron Bruckerhoff to second
Runner from 2nd tries for 3rd, SAFE, no throw by RF
Batting: RHB Erik Ellsworth 0-0: Ball
1-0: Called Strike
1-1: Foul Ball, location: 5F
1-2: Ball
2-2: SINGLE (Line Drive, 34, EV 94.4 MPH)
Aaron Bruckerhoff scores
Manchu Hu to second
Runner from 2nd tries for 3rd, SAFE, no throw by RF
Batting: LHB Zack Baize 0-0: Ball
1-0: Called Strike
1-1: Called Strike
1-2: TRIPLE (Line Drive, 78XD, EV 102.5 MPH)
Manchu Hu scores
Erik Ellsworth scores
Pitching: RHP Scott Dwyer
Batting: LHB Alex Perez 0-0: Called Strike
0-1: Swinging Strike
0-2: Strikes out swinging, 2-3 out at first.
Top of the 8th over - 3 runs, 4 hits, 0 errors, 1 left on base; Houston 6 - Las Vegas 12
BOTTOM OF THE 8TH
Las Vegas Hustle batting - Pitching for Houston Astros : RHP Larry DeWolfe
Batting: RHB Tony Ledezma 0-0: Called Strike
0-1: Foul Ball, location: 2LF
0-2: Foul Ball, location: 25F
0-2: Ball
1-2: Ball
2-2: Ball
3-2: DOUBLE (Flyball, 78D, EV 93.8 MPH)
Pitching: RHP Graham Burch
Batting: RHB John Conway 0-0: Ball
1-0: Called Strike
1-1: Foul Ball, location: 23F
1-2: Strikes out looking
Batting: LHB Yazid Deacon 0-0: Called Strike
0-1: Ball
1-1: Foul Ball, location: 3F
1-2: Ball
2-2: Foul Ball, location: 9LMF
2-2: Foul Ball, location: 2F
2-2: Ball
3-2: Base on Balls
Batting: SHB Josh Osborne 0-0: Ball
1-0: Swinging Strike
1-1: Swinging Strike
1-2: Strikes out looking
Batting: SHB Jose Espinoza 0-0: SINGLE (Line Drive, 6D, EV 95.6 MPH)
Tony Ledezma to third
Yazid Deacon to second
Runner from 3rd tries for Home, SAFE, throw by LF to home
Batting: SHB Alberto Aguilar 0-0: Ball
1-0: Called Strike
1-1: Called Strike
1-2: Fly out, F9 (Flyball, 9D, EV 77.5 MPH)
Bottom of the 8th over - 1 run, 2 hits, 0 errors, 2 left on base; Houston 6 - Las Vegas 13
TOP OF THE 9TH
Houston Astros batting - Pitching for Las Vegas Hustle : RHP Scott Dwyer
Now in LF: Norge Carlos Hernandez
Batting: LHB Roy Lazzaro 0-0: Ball
1-0: Called Strike
1-1: Ball
2-1: SOLO HOME RUN (Flyball, 78XD, EV 98.1 MPH), Distance : 399 ft
Batting: RHB Kyle Stewart 0-0: Called Strike
0-1: Ball
1-1: Foul Ball, location: 2F
1-2: Ball
2-2: Foul Ball, location: 7LMF
2-2: Strikes out swinging
Batting: RHB Frank Kelsay 0-0: Ball
1-0: SINGLE (Line Drive, 7S, EV 90.6 MPH)
Pitching: RHP Jerry Perez
Batting: RHB Matt Carocci 0-0: Ball
1-0: Swinging Strike
1-1: Called Strike
1-2: Ball
2-2: SINGLE (Line Drive, 89S, EV 103.8 MPH)
Frank Kelsay to second
Batting: LHB Aaron Bruckerhoff 0-0: Called Strike
0-1: Ball
1-1: Called Strike
1-2: Ball
2-2: Ball
3-2: Strikes out looking
Pinch Hitting: LHB Josh Otis 0-0: Ball
1-0: Ball
2-0: TRIPLE (Flyball, 89XD, EV 105.6 MPH)
Frank Kelsay scores
Matt Carocci scores
Batting: RHB Erik Ellsworth 0-0: Ball
1-0: Called Strike
1-1: Ground out 4-3 (Groundball, 4, EV 103.8 MPH)
Top of the 9th over - 3 runs, 4 hits, 0 errors, 1 left on base; Houston 9 - Las Vegas 13
Sunday, April 14th , 2024 - OOTP Baseball 24.11 Build 85